 Dungeon Crawl Stone Soup version 0.31-a0-174-g85c54bcb58 (webtiles) character file.

Game seed: 2030419441930610302

16422 qw the Cleaver (level 12, 0/76 HPs)
             Began as a Gargoyle Fighter on June 15, 2023.
             Was an Elder of Okawaru.
             Slain by a balrug
             ... wielding a +1 demon whip of draining
              (25 damage)
             ... in a Gauntlet.
             The game lasted 00:06:42 (10089 turns).

qw the Cleaver (Gargoyle Fighter)                  Turns: 10089, Time: 00:06:42

Health: 0/76       AC: 33    Str: 24    XL:     12   Next: 37%
Magic:  18/19      EV:  9    Int: 10    God:    Okawaru [****..]
Gold:   253        SH: 11    Dex:  9    Spells: 11/11 levels left

rFire   . . .        Y - +2 war axe
rCold   + . .        c - +0 buckler
rNeg    + . .        A - +1 plate armour
rPois   inf          f - +2 helmet
rElec   +            (no cloak)
rCorr   .            n - +2 pair of gloves
SInv    .            (no boots)
Will    +....        e - amulet of reflection Stlth
                     C - ring of willpower
HPRegen 0.32/turn    w - ring of protection from cold
MPRegen 0.16/turn

%: no teleportation, reflection
@: heroic
A: sickness immunity, AC +8, negative energy resistance 1, electricity
resistance, torment resistance 1, petrification resistance
a: Renounce Religion, Heroism, Finesse


You were in a Gauntlet.
You worshipped Okawaru.
Okawaru was greatly pleased with you.
You visited 3 branches of the dungeon, and saw 13 of its levels.
You also visited: Gauntlet.

You collected 493 gold pieces.
You spent 240 gold pieces at shops.


Innate Abilities, Weirdness & Mutations

You are immune to sickness and miasma.
Your stone body is resilient. (AC +8)
You are immune to poison.
You resist negative energy. (rN+)
You are resistant to electric shocks. (rElec)
You are resistant to unholy torment.
You are immune to petrification.


   Skills:
 + Level 9.1(14.1) Fighting
 - Level 12.0(17.0) Axes
 - Level 1.0(6.0) Throwing
 - Level 9.0(14.0) Armour
 - Level 2.1(7.1) Dodging
 - Level 6.1(11.1) Shields
 - Level 10.0 Invocations


You had 11 spell levels left.
You didn't know any spells.
Your spell library was empty.

Inventory:

Hand Weapons
 j - a +0 demon whip of venom
 B - a +0 flail of holy wrath
 Y - a +2 war axe (weapon)
Missiles
 z - 3 boomerangs (quivered)
Armour
 c - a +0 buckler (worn)
 f - a +2 helmet (worn)
 n - a +2 pair of gloves (worn)
 A - a +1 plate armour (worn)
Jewellery
 e - an amulet of reflection (around neck)
 q - a ring of ice
 s - a ring of fire
 t - a ring of willpower
 v - a +6 ring of dexterity
 w - a ring of protection from cold (right hand)
 x - a ring of positive energy
 C - a ring of willpower (left hand)
Wands
 y - a wand of digging (7)
Scrolls
 b - 3 scrolls of teleportation
 p - a scroll of identify
Potions
 a - a potion of resistance
 d - 3 potions of might
 g - a potion of magic
 h - 5 potions of haste
 i - 2 potions of heal wounds
 k - 3 potions of lignification
 l - 5 potions of mutation
 D - 3 potions of curing

Dungeon Overview and Level Annotations

Branches:
Dungeon (11/15)            Temple (1/1) D:6            Lair (1/5) D:11
    Orc (0/2) D:9         Gauntlet (1/1)

Altars:
Ashenzari
Cheibriados
Dithmenos
Elyvilon
Fedhas
Gozag
Hepliaklqana
Kikubaaqudgha
Makhleb
Nemelex Xobeh
Okawaru
Qazlal
Ru
Sif Muna
Trog
Uskayaw
Vehumet
Wu Jian
Xom
Yredelemnul
Zin
The Shining One

Shops:
D:9 *=

Annotations:
D:5 1 runed translucent door, Crazy Yiuf
D:7 1 transporter, qw's ghost, novice GrFi
D:11 2 runed translucent doors, qw's ghost, journeyman GrHu Gauntlet 9 transporters


Message History

You are covered in liquid flames!
You are covered in liquid flames!
The balrug completely misses you.
You barely miss the balrug.
You are covered in liquid flames!
The balrug gestures at you. The bolt of fire hits you!!
10081 ||| INVOKING Heroism.
You gain the combat prowess of a mighty hero.
You can no longer enter into single combat with a foe.
Okawaru will no longer gift you equipment.
You are covered in liquid flames!
The balrug gestures at you. The bolt of fire misses you.
You barely miss the balrug. The balrug hits you but does no damage.
You barely miss the balrug. The balrug hits you but does no damage.
You slash the balrug!
The balrug is moderately wounded.
You block the balrug's attack.
You slash the balrug!
The balrug is moderately wounded.
The balrug gestures at you. Something smites you!
You hit the balrug.
The balrug is moderately wounded.
The balrug gestures at you.
The fireball explodes!
The fireball engulfs you!
The fireball engulfs the balrug.
The balrug completely resists.
You miss the balrug.
The balrug is moderately wounded.
You closely miss the balrug.
The balrug is moderately wounded.
The balrug barely misses you.
You hit the balrug.
The balrug is moderately wounded.
The balrug hits you with a +1 demon whip of draining.
You are engulfed in flames!!
You die...

###############
##~#~#~#~#~#~#¤############
##...............#¤#~#~#¤#~#
#¤.8......8.................
##...............8.....8....
#~...###########............
##...##...2@..^#...#########
#~...#^######^.#...###...###
##...###....##.#######...###
#~...##.####.#.#...##.##'..#
##.8.#.##.^.^#¤#^8^#^(#^#..#
#~...#.#.#^##.##...##}'##..#
##...#.##....#########[..###
#~...#.^######h#...###...###
##...#^.....=[.#...#########


You could see a balrug.

Vanquished Creatures
  Snorg (D:11)
  2 boulder beetles (D:11)
  Nergalle (D:11)
  Amaemon (D:8)
  Pikel (D:7)
  2 cane toads (Lair:1)
  An orange demon (D:8)
  An unseen horror (D:11)
  A troll (D:11)
  A queen bee (D:9)
  4 blink frogs (Lair:1)
  Prince Ribbit (D:7)
  5 shadows
  Sigmund (D:2)
  18 yaks
  2 vampires
  5 wyverns
  A wraith (D:11)
  2 basilisks
  4 wargs (D:10)
  4 water moccasins
  A two-headed ogre zombie (D:9)
  An acid dragon (D:9)
  An ice beast (D:6)
  2 black bears
  4 orc warriors
  2 ogres
  2 phantoms (D:9)
  2 centaurs
  5 kobold brigands
  3 bullfrogs
  4 scorpions
  2 troll zombies (D:9)
  3 wights (D:8)
  28 killer bees
  An electric eel (D:10)
  2 howler monkeys
  2 jellies (D:4)
  5 orc priests
  2 hounds (D:5)
  2 sleepcaps
  7 iguanas
  8 orc wizards
  5 ogre zombies (D:9)
  A mummy (D:11)
  Robin (D:2)
  2 gnolls (D:1)
  2 adders (D:4)
  A river rat (Lair:1)
  A shadow imp (D:7)
  5 white imps
  3 ufetubi
  3 dart slugs
  28 orcs
  6 ball pythons
  7 endoplasms
  3 giant cockroaches
  12 goblins
  6 hobgoblins
  2 jackals (D:4)
  3 bats (D:1)
  A frilled lizard (D:1)
  A goblin skeleton (D:9)
  5 goblin zombies (D:9)
  2 hobgoblin skeletons (D:9)
  3 hobgoblin zombies (D:9)
  31 kobolds
  2 orc skeletons (D:9)
  12 orc zombies (D:9)
  10 rats
306 creatures vanquished.

Notes
Turn   | Place    | Note
-------+----------+-------------------------------------------
     0 | D:1      | qw the Gargoyle Fighter began the quest for the Orb.
     0 | D:1      | Reached XP level 1. HP: 14/14 MP: 1/1
     0 | D:1      | 0 ||| qw: Version: 0.2-a-29-g511e9b1
     0 | D:1      | 0 ||| qw: Game counter: 5413
     0 | D:1      | 0 ||| qw: Always use a shield: true
     0 | D:1      | 0 ||| qw: God list: Okawaru
     0 | D:1      | 0 ||| qw: Allow faded altars: false
     0 | D:1      | 0 ||| qw: Do Orc after D:15 true
     0 | D:1      | 0 ||| qw: Do second Lair branch before Depths: true
     0 | D:1      | 0 ||| qw: Lair rune preference: random
     0 | D:1      | 0 ||| qw: Plans: Normal, Zot:1-4, Slime:5, God:TSO, Crypt,
                  | Tomb, Abyss, Pan, Hells, Win
     0 | D:1      | 0 ||| PLANNING D:1-11
    46 | D:1      | Reached skill level 2 in Axes
    85 | D:1      | 85 ||| Stepping ~*~*~tactically~*~*~ (hiding).
   398 | D:1      | Reached XP level 2. HP: 19/19 MP: 2/2
   403 | D:1      | 403 ||| Stepping ~*~*~tactically~*~*~ (hiding).
   566 | D:1      | 566 ||| Stepping ~*~*~tactically~*~*~ (water).
   604 | D:1      | Reached skill level 3 in Axes
   604 | D:1      | Reached XP level 3. HP: 23/23 MP: 3/3
   605 | D:1      | 605 ||| Stepping ~*~*~tactically~*~*~ (stealth).
   810 | D:1      | 810 ||| DROPPING +0 club.
  1223 | D:1      | 1223 ||| READING scroll labelled LUNLAV MEUDI.
  1224 | D:1      | 1224 ||| READING scroll labelled FALETHR EJESHRET.
  1414 | D:2      | 1414 ||| Stepping ~*~*~tactically~*~*~ (hiding).
  1419 | D:2      | Noticed Robin
  1425 | D:2      | Reached XP level 4. HP: 22/28 MP: 4/4
  1428 | D:2      | Killed Robin
  1429 | D:2      | Reached skill level 4 in Axes
  1450 | D:2      | 1450 ||| DROPPING +0 whip.
  1598 | D:2      | Found a stormy altar of Qazlal.
  1598 | D:2      | Noticed Sigmund
  1608 | D:2      | Killed Sigmund
  1609 | D:2      | Reached skill level 5 in Axes
  1609 | D:2      | Reached XP level 5. HP: 20/32 MP: 5/5
  1609 | D:2      | Reached XP level 6. HP: 24/37 MP: 6/6
  2035 | D:2      | 2035 ||| UPGRADING to +0 helmet.
  2040 | D:2      | 2040 ||| UPGRADING to +6 ring of dexterity.
  2041 | D:2      | 2041 ||| READING scroll labelled XYUWUO ULYUNOV.
  2066 | D:2      | 2066 ||| READING scroll labelled CENNAGOURIX.
  2067 | D:2      | 2067 ||| DRINKING 2 viscous black potions.
  2423 | D:3      | Found a faded altar of an unknown god.
  2641 | D:3      | 2641 ||| DROPPING +0 mace.
  2818 | D:3      | Found a snail-covered altar of Cheibriados.
  2818 | D:3      | Found a radiant altar of Vehumet.
  2831 | D:3      | 2831 ||| UPGRADING to +0 pair of gloves.
  2836 | D:3      | 2836 ||| UPGRADING to +0 chain mail.
  2846 | D:3      | 2846 ||| DROPPING +0 scale mail.
  2847 | D:3      | 2847 ||| UPGRADING to amulet of regeneration.
  2852 | D:3      | 2852 ||| DROPPING amulet of guardian spirit.
  2853 | D:3      | 2853 ||| READING scroll labelled TILYCE FUTI.
  2854 | D:3      | 2854 ||| DRINKING 2 clear potions.
  2954 | D:4      | Reached skill level 1 in Dodging
  3084 | D:4      | 3084 ||| Stepping ~*~*~tactically~*~*~ (stealth).
  3167 | D:4      | 3167 ||| Stepping ~*~*~tactically~*~*~ (hiding).
  3180 | D:4      | HP: 6/38 [orc wizard/puff of flame (6)]
  3181 | D:4      | 3181 ||| DRINKING potion of heal wounds.
  3186 | D:4      | Reached skill level 6 in Axes
  3191 | D:4      | Reached XP level 7. HP: 40/43 MP: 7/7
  3228 | D:4      | 3228 ||| READING scroll labelled WUTOAN GYDGHUFI.
  3229 | D:4      | 3229 ||| READING scroll labelled QIGGIADACS.
  3653 | D:4      | 3653 ||| Stepping ~*~*~tactically~*~*~ (stealth).
  3666 | D:4      | 3666 ||| READING scroll labelled QEISSO IGOMAP.
  3667 | D:4      | 3667 ||| READING scroll labelled SUFUT HUXUMARU.
  3668 | D:4      | 3668 ||| DRINKING 2 silvery potions.
  3669 | D:4      | 3669 ||| DRINKING 3 blue potions.
  3669 | D:4      | Gained mutation: Your spells are a little easier to cast,
                  | but a little less powerful. [potion of mutation]
  3669 | D:4      | Lost mutation: Your spells are a little easier to cast, but
                  | a little less powerful. [potion of mutation]
  3680 | D:5      | Entered Level 5 of the Dungeon
  3690 | D:5      | Reached skill level 7 in Axes
  3880 | D:5      | 3880 ||| DROPPING +2 mace of protection.
  3986 | D:5      | Found a runed translucent door.
  3987 | D:5      | Noticed Crazy Yiuf
  4092 | D:5      | Found a shimmering blue altar of Sif Muna.
  4195 | D:5      | 4195 ||| UPGRADING to ring of willpower.
  4196 | D:5      | 4196 ||| READING scroll labelled BISTRI BEUBEAS.
  4259 | D:6      | Reached XP level 8. HP: 44/49 MP: 8/8
  4298 | D:6      | Found a staircase to the Ecumenical Temple.
  4299 | D:6      | 4299 ||| PLANNING TEMPLE
  4299 | D:6      | 4299 ||| READING scroll labelled JAGECE YNLIODGH.
  4332 | Temple   | Entered the Ecumenical Temple
  4333 | Temple   | 4333 ||| PLANNING OKAWARU WORSHIP
  4369 | Temple   | Became a worshipper of Warmaster Okawaru
  4370 | Temple   | 4370 ||| PLANNING D:1-11
  4406 | D:6      | Reached skill level 8 in Axes
  4561 | D:6      | 4561 ||| READING scroll of enchant armour.
  4561 | D:6      | 4561 ||| ENCHANTING +0 pair of gloves.
  4584 | D:6      | Reached skill level 6 in Fighting
  4818 | D:6      | Found an opulent altar of Gozag.
  4897 | D:7      | Found a transporter.
  4903 | D:7      | Identified the +4 great mace of Funara {heavy, rElec rF+
                  | Will+ Stlth+}
  4903 | D:7      | Noticed a two-headed ogre
  4903 | D:7      | Noticed qw's ghost (novice GrFi)
  4906 | D:7      | 4906 ||| Stepping ~*~*~tactically~*~*~ (stealth).
  4917 | D:7      | Reached * piety under Okawaru
  4920 | D:7      | 4920 ||| INVOKING Heroism.
  4931 | D:7      | Reached skill level 1 in Invocations
  4964 | D:7      | 4964 ||| INVOKING Heroism.
  4972 | D:7      | Reached XP level 9. HP: 55/55 MP: 6/10
  5022 | D:7      | Found a sparkling altar of Nemelex Xobeh.
  5084 | D:7      | Noticed Pikel
  5085 | D:7      | 5085 ||| INVOKING Heroism.
  5101 | D:7      | 5101 ||| INVOKING Heroism.
  5105 | D:7      | Killed Pikel
  5106 | D:7      | Reached skill level 3 in Invocations
  5219 | D:7      | 5219 ||| INVOKING Heroism.
  5232 | D:7      | Reached skill level 9 in Axes
  5254 | D:7      | 5254 ||| Stepping ~*~*~tactically~*~*~ (stealth).
  5256 | D:7      | 5256 ||| Stepping ~*~*~tactically~*~*~ (hiding).
  5289 | D:7      | 5289 ||| Stepping ~*~*~tactically~*~*~ (stealth).
  5308 | D:7      | Found a burning altar of Makhleb.
  5366 | D:7      | Noticed Prince Ribbit
  5367 | D:7      | 5367 ||| INVOKING Heroism.
  5386 | D:7      | 5386 ||| INVOKING Heroism.
  5392 | D:7      | Killed Prince Ribbit
  5471 | D:7      | 5471 ||| Stepping ~*~*~tactically~*~*~ (hiding).
  5539 | D:7      | 5539 ||| READING 3 scrolls of enchant armour.
  5539 | D:7      | 5539 ||| ENCHANTING +1 pair of gloves.
  5540 | D:7      | 5540 ||| READING 2 scrolls of enchant armour.
  5540 | D:7      | 5540 ||| ENCHANTING +0 helmet.
  5541 | D:7      | 5541 ||| READING scroll of enchant armour.
  5541 | D:7      | 5541 ||| ENCHANTING +1 helmet.
  5638 | D:7      | 5638 ||| UPGRADING to ring of willpower.
  5640 | D:7      | 5640 ||| UPGRADING to ring of protection from cold.
  5642 | D:7      | 5642 ||| DRINKING 2 fuming blue potions.
  5643 | D:7      | 5643 ||| DROPPING potion of degeneration.
  5774 | D:8      | Reached ** piety under Okawaru
  5807 | D:8      | Reached skill level 10 in Axes
  5807 | D:8      | Reached XP level 10. HP: 45/63 MP: 13/13
  5809 | D:8      | 5809 ||| INVOKING Heroism.
  6016 | D:8      | Reached *** piety under Okawaru
  6053 | D:8      | Noticed an orange demon
  6054 | D:8      | Noticed Amaemon
  6055 | D:8      | 6055 ||| INVOKING Heroism.
  6061 | D:8      | Killed an orange demon
  6084 | D:8      | Killed Amaemon
  6100 | D:8      | Reached skill level 11 in Axes
  6412 | D:8      | 6412 ||| READING 3 scrolls of identify.
  6412 | D:8      | 6412 ||| IDENTIFYING bubbling coppery potion
  6413 | D:8      | 6413 ||| READING 2 scrolls of identify.
  6413 | D:8      | 6413 ||| IDENTIFYING cyan potion
  6414 | D:8      | 6414 ||| DROPPING potion of enlightenment.
  6469 | D:9      | Found a stormy altar of Qazlal.
  6496 | D:9      | Reached **** piety under Okawaru
  6520 | D:9      | Found Naadghomo's Overcharged Wands.
  6529 | D:9      | 6529 ||| SHOPLISTING wand of digging (11) (693 gold, have
                  | 302).
  6574 | D:9      | 6574 ||| Stepping ~*~*~tactically~*~*~ (stealth).
  6575 | D:9      | 6575 ||| Stepping ~*~*~tactically~*~*~ (stealth).
  6576 | D:9      | 6576 ||| Stepping ~*~*~tactically~*~*~ (stealth).
  6597 | D:9      | Reached skill level 6 in Armour
  6625 | D:9      | 6625 ||| INVOKING Heroism.
  6636 | D:9      | 6636 ||| Stepping ~*~*~tactically~*~*~ (stealth).
  6682 | D:9      | Found a staircase to the Orcish Mines.
  6853 | D:9      | Found Fuakkeuf's Jewellery Shoppe.
  6861 | D:9      | 6861 ||| SHOPLISTING +5 ring of evasion (432 gold, have
                  | 320).
  6861 | D:9      | 6861 ||| SHOPLISTING amulet "Xousoru" {Faith rN+ Will-
                  | Dex+3} (639 gold, have 320).
  6861 | D:9      | 6861 ||| SHOPLISTING ring of Nagejapp {Will+ Dex+3} (459
                  | gold, have 320).
  6861 | D:9      | 6861 ||| BUYING ring of positive energy (240 gold).
  6861 | D:9      | Bought a ring of positive energy for 240 gold pieces
  6964 | D:9      | Reached skill level 9 in Fighting
  6985 | D:9      | 6985 ||| Stepping ~*~*~tactically~*~*~ (stealth).
  6987 | D:9      | 6987 ||| Stepping ~*~*~tactically~*~*~ (stealth).
  7022 | D:9      | Reached XP level 11. HP: 71/71 MP: 15/15
  7084 | D:9      | Reached skill level 6 in Invocations
  7099 | D:9      | 7099 ||| INVOKING Heroism.
  7260 | D:9      | 7260 ||| DRINKING 2 glowing purple potions.
  7261 | D:9      | 7261 ||| READING 2 scrolls of identify.
  7261 | D:9      | 7261 ||| IDENTIFYING metallic dark potion
  7262 | D:9      | 7262 ||| DROPPING potion of berserk rage.
  7263 | D:9      | 7263 ||| DROPPING potion of brilliance.
  7278 | D:10     | Entered Level 10 of the Dungeon
  7624 | D:10     | 7624 ||| INVOKING Heroism.
  7665 | D:10     | 7665 ||| INVOKING Heroism.
  7712 | D:10     | 7712 ||| INVOKING Heroism.
  7719 | D:10     | Reached skill level 1 in Throwing
  7729 | D:10     | 7729 ||| DROPPING +0 flail.
  7907 | D:10     | 7907 ||| READING scroll of enchant weapon.
  7907 | D:10     | 7907 ||| ENCHANTING +1 war axe.
  8088 | D:10     | 8088 ||| Stepping ~*~*~tactically~*~*~ (hiding).
  8167 | D:10     | 8167 ||| Stepping ~*~*~tactically~*~*~ (stealth).
  8172 | D:10     | 8172 ||| Stepping ~*~*~tactically~*~*~ (hiding).
  8462 | D:10     | 8462 ||| DROPPING +1 scale mail of fire resistance.
  8463 | D:10     | 8463 ||| UPGRADING to +0 plate armour.
  8473 | D:10     | 8473 ||| DROPPING +0 chain mail.
  8474 | D:10     | 8474 ||| READING scroll of enchant armour.
  8474 | D:10     | 8474 ||| ENCHANTING +0 plate armour.
  8475 | D:10     | 8475 ||| READING scroll labelled ESITIE ZENI.
  8476 | D:10     | 8476 ||| DRINKING 3 fizzy silvery potions.
  8521 | D:11     | 8521 ||| INVOKING Heroism.
  8529 | D:11     | Reached ***** piety under Okawaru
  8653 | D:11     | 8653 ||| Stepping ~*~*~tactically~*~*~ (hiding).
  8655 | D:11     | 8655 ||| Stepping ~*~*~tactically~*~*~ (hiding).
  8660 | D:11     | 8660 ||| Stepping ~*~*~tactically~*~*~ (stealth).
  8661 | D:11     | 8661 ||| Stepping ~*~*~tactically~*~*~ (stealth).
  8679 | D:11     | Found a staircase to the Lair.
  8782 | D:11     | Found a snail-covered altar of Cheibriados.
  8887 | D:11     | 8887 ||| Invisibility monster not found???
  8970 | D:11     | Found a runed translucent door.
  8971 | D:11     | Found a runed translucent door.
  8973 | D:11     | Noticed a boulder beetle
  8974 | D:11     | 8974 ||| INVOKING Heroism.
  8975 | D:11     | 8975 ||| INVOKING Finesse.
  8978 | D:11     | 8978 ||| Stepping ~*~*~tactically~*~*~ (stealth).
  8993 | D:11     | Killed a boulder beetle
  9029 | D:11     | Noticed a storm dragon
  9029 | D:11     | Noticed a yaktaur captain
  9030 | D:11     | Noticed a lich
  9030 | D:11     | Noticed a cyclops
  9030 | D:11     | Noticed a skeletal warrior
  9031 | D:11     | Noticed qw's ghost (journeyman GrHu)
  9031 | D:11     | Noticed a necromancer
  9046 | D:11     | 9046 ||| Stepping ~*~*~tactically~*~*~ (hiding).
  9047 | D:11     | 9047 ||| Stepping ~*~*~tactically~*~*~ (hiding).
  9049 | D:11     | 9049 ||| Stepping ~*~*~tactically~*~*~ (hiding).
  9051 | D:11     | 9051 ||| INVOKING Heroism.
  9066 | D:11     | Reached skill level 9 in Invocations
  9082 | D:11     | 9082 ||| Stepping ~*~*~tactically~*~*~ (stealth).
  9086 | D:11     | 9086 ||| INVOKING Heroism.
  9115 | D:11     | Noticed Nergalle
  9125 | D:11     | Killed Nergalle
  9160 | D:11     | 9160 ||| INVOKING Heroism.
  9164 | D:11     | Reached XP level 12. HP: 53/76 MP: 16/19
  9319 | D:11     | Noticed a boulder beetle
  9320 | D:11     | 9320 ||| INVOKING Heroism.
  9348 | D:11     | Killed a boulder beetle
  9385 | D:11     | Noticed Snorg
  9386 | D:11     | 9386 ||| INVOKING Heroism.
  9390 | D:11     | Reached skill level 12 in Axes
  9402 | D:11     | Killed Snorg
  9516 | D:11     | 9516 ||| PLANNING LAIR
  9516 | D:11     | 9516 ||| UPGRADING to amulet of reflection.
  9526 | D:11     | 9526 ||| DROPPING amulet of regeneration.
  9527 | D:11     | 9527 ||| READING 3 scrolls of identify.
  9527 | D:11     | 9527 ||| IDENTIFYING pink potion
  9528 | D:11     | 9528 ||| DROPPING potion of invisibility.
  9578 | Lair:1   | Entered Level 1 of the Lair of Beasts
  9579 | Lair:1   | 9579 ||| PLANNING GAUNTLET
  9579 | Lair:1   | 9579 ||| Stepping ~*~*~tactically~*~*~ (hiding).
  9580 | Lair:1   | 9580 ||| Stepping ~*~*~tactically~*~*~ (hiding).
  9648 | Lair:1   | 9648 ||| INVOKING Heroism.
  9659 | Lair:1   | Reached skill level 6 in Shields
  9758 | Lair:1   | Found a gate leading to a gauntlet.
  9759 | Lair:1   | 9759 ||| READING 2 scrolls of identify.
  9759 | Lair:1   | 9759 ||| IDENTIFYING bubbling clear potion
  9764 | Lair:1   | 9764 ||| Stepping ~*~*~tactically~*~*~ (stealth).
  9775 | Gauntlet | Entered a Gauntlet
  9775 | Gauntlet | Found a transporter.
  9784 | Gauntlet | Found a transporter.
  9785 | Gauntlet | Found a runed translucent door.
  9798 | Gauntlet | Found a runed translucent door.
  9800 | Gauntlet | Found a transporter.
  9804 | Gauntlet | Found a transporter.
  9813 | Gauntlet | Noticed a balrug
  9814 | Gauntlet | Found a transporter.
  9837 | Gauntlet | Found a transporter.
  9841 | Gauntlet | Found a transporter.
  9845 | Gauntlet | Found a transporter.
  9848 | Gauntlet | Noticed a great orb of eyes
  9868 | Gauntlet | Found a transporter.
  9868 | Gauntlet | Noticed a seven-headed hydra
  9888 | Gauntlet | Found a transporter.
  9892 | Gauntlet | Found a transporter.
  9900 | Gauntlet | Found a transporter.
  9916 | Gauntlet | Noticed a wretched star
  9966 | Gauntlet | 9966 ||| INVOKING Heroism.
  9969 | Gauntlet | Reached skill level 9 in Armour
 10062 | Gauntlet | Identified the +0 helmet of Defence {Rampage rN+ Will-
                  | Dex+2}
 10064 | Gauntlet | 10064 ||| DROPPING +0 helmet of Defence {Rampage rN+ Will-
                  | Dex+2}.
 10081 | Gauntlet | 10081 ||| INVOKING Heroism.
 10089 | Gauntlet | Slain by a balrug

Levels and vault maps discovered:
D:1:      mrwooster_arrival_arrow, layout_basic, serial_bayou,
          serial_bayou_pond_b, serial_bayou_ford_a, serial_bayou_lagoon_b,
          serial_bayou_crossing, serial_bayou_pond_a, minivault_5, minivault_26,
          st_stairs_10
D:2:      layout_basic, serial_rivers, chequers_serial_rivers_large_b,
          chequers_serial_rivers_small_3, chequers_serial_rivers_micro_b,
          chequers_serial_rivers_large_a, basic_altar, minivault_26,
          uniq_sigmund, uniq_robin
D:3:      layout_basic, gammafunk_temple_overflow_wave, basic_ecumenical_altar
D:4:      layout_basic, grunt_tough_drop
D:5:      layout_rooms, led_sif_pool, uniq_crazy_yiuf_cottage
D:6:      layout_gridville, mainiacjoe_overflow_alcove_2,
          minmay_temple_entry_statues_pillars,
          hangedman_abyss_or_decor_jellyfish_corner,
          nicolae_elevator_lobby_asterisk
D:7:      layout_loops_ring, nemelex_spade_bored_becter,
          lemuel_coloured_pillars_altar, gammafunk_ghost_smash, uniq_pikel,
          uniq_prince_ribbit1
D:8:      layout_basic, uniq_amaemon
D:9:      layout_rooms, nicolae_qazlal_scattered_showers, zombieorc2_lemuel,
          serial_shops, nicolae_shop_peninsula, special_room [special_room_bee],
          nicolae_shop_overcharged_wands
D:10:     layout_grid_maze, nooodl_orcs_dogs
D:11:     layout_irregular_city, minmay_lair_entry_grove,
          muffindrake_ghost_dual_entry, slow_altar_1, uniq_nergalle, uniq_snorg
Temple:   hellmonk_temple_of_storms
Lair:1:   layout_cave_shapes, gauntlet_entry_generic,
          kennysheep_abandoned_house, grunt_megastairs_4
Gauntlet: minmay_gauntlet_mixed_oops_all_seconds
          [minmay_gauntlet_arena_77_double_cross,
          gammafunk_gauntlet_arena_teeth, minmay_gauntlet_arena_77_cramped,
          gammafunk_gauntlet_arena_grid, minmay_gauntlet_arena_77_box,
          gammafunk_gauntlet_arena_spirals, dreamdust_gauntlet_exit_labyrinth]

Skill      XL: |  1  2  3  4  5  6  7  8  9 10 11 12 |
---------------+-------------------------------------+-----
Axes           | 2 3 5 6 7 8 10 11 12 | 12.0
Dodging        | 1 2 |  2.1
Fighting       | 4 5 6 7 9 |  9.1
Armour         | 4 5 6 8 9 |  9.0
Invocations    | 2 4 5 9 10 | 10.0
Shields        | 4 5 6 |  6.1
Throwing       | 1 |  1.0

Action                     |  1- 3 |  4- 6 |  7- 9 | 10-12 || total
---------------------------+-------+-------+-------+-------++-------
  Melee: War axe           |    95 |    65 |   284 |   757 ||  1201
  Throw: Boomerang         |       |       |       |    71 ||    71
 Invoke: Heroism           |       |       |     7 |    17 ||    24
         Finesse           |       |       |       |     1 ||     1
    Use: Scroll            |     2 |     3 |    10 |     8 ||    23
         Potion            |       |     3 |     3 |     2 ||     8
 Armour: Scale mail        |    53 |     8 |       |       ||    61
         Chain mail        |       |    28 |   159 |   311 ||   498
         Plate armour      |       |       |       |   200 ||   200
  Dodge: Dodged            |    33 |    24 |   106 |   287 ||   450
  Block: Buckler           |    18 |    14 |    59 |   191 ||   282

Table legend:
 A = Non-vault XP
 B = Vault XP
 C = Vault XP percentage of total XP
 D = Non-vault monster count
 E = Vault monster count
 F = Vault count percentage of total count
                 A         B        C        D         E       F
            +---------+---------+-------+---------+---------+-------
      Total |   12774 |   10687 |  45.6 |     188 |     118 |  38.6
            +---------+---------+-------+---------+---------+-------
        D:1 |      41 |      24 |  36.9 |      20 |       5 |  20.0
        D:2 |      10 |     257 |  96.3 |       7 |      12 |  63.2
        D:3 |      11 |       0 |   0.0 |       5 |       0 |   0.0
        D:4 |     497 |       5 |   1.0 |      19 |       3 |  13.6
        D:5 |     319 |       0 |   0.0 |       8 |       0 |   0.0
        D:6 |     801 |       0 |   0.0 |      15 |       0 |   0.0
        D:7 |     722 |     931 |  56.3 |      24 |       2 |   7.7
        D:8 |    2418 |    1156 |  32.3 |      21 |       2 |   8.7
        D:9 |     908 |    2632 |  74.4 |      12 |      60 |  83.3
       D:10 |     798 |    1105 |  58.1 |      20 |      12 |  37.5
       D:11 |    3952 |    3912 |  49.7 |      28 |      16 |  36.4
     Lair:1 |    2297 |      15 |   0.6 |       9 |       3 |  25.0
   Gauntlet |       0 |     650 | 100.0 |       0 |       3 | 100.0
            +---------+---------+-------+---------+---------+-------
